 Dungeon Crawl Stone Soup version 0.27.1-1-g398f81649c (webtiles) character file.

Game seed: 13920505382424898296

7 Borgoz the Skirmisher (level 1, -1/18 HPs)
             Began as a Demonspawn Abyssal Knight on Sept 20, 2021.
             Was an Initiate of Lugonu.
             Slain by a hobgoblin (2 damage)
             ... on level 1 of the Dungeon.
             The game lasted 00:00:52 (483 turns).

Borgoz the Skirmisher (Demonspawn Abyssal Knight)    Turns: 483, Time: 00:00:52

Health: -1/18      AC:  3    Str: 12    XL:     1   Next: 91%
Magic:  2/2        EV: 11    Int: 13    God:    Lugonu [......]
Gold:   34         SH:  0    Dex: 12    Spells: 0/0 levels left

rFire    . . .     SeeInvis .   c - +0 scimitar
rCold    . . .     Faith    .   (no shield)
rNeg     . . .     Spirit   .   b - +0 leather armour
rPois    .         Reflect  .   (no helmet)
rElec    .         Harm     .   (no cloak)
rCorr    .         Rampage  .   (no gloves)
Will     .....                  (no boots)
Stlth    +.........             (no amulet)
HPRegen  0.06/turn              (no ring)
MPRegen  0.08/turn              (no ring)

@: no status effects
A: no striking features
a: Renounce Religion


You were on level 1 of the Dungeon.
You worshipped Lugonu.
Lugonu was noncommittal.
You visited 1 branch of the dungeon, and saw 1 of its levels.
You visited the Abyss 1 time.

You collected 34 gold pieces.

Inventory:

Hand Weapons
 c - a +0 scimitar (weapon)
Armour
 b - a +0 leather armour (worn)


   Skills:
 + Level 3.0 Fighting
 * Level 2.0 Long Blades
 * Level 2.0 Armour
 * Level 1.2 Dodging
 + Level 2.5 Invocations


You couldn't memorise any spells.
You didn't know any spells.
Your spell library contained the following spells:

 Spells                   Type           Power      Damage    Failure   Level
 Blade Hands              Tmut           0%         N/A       100%        5
 Irradiate                Conj/Tmut      0%         3d13      100%        5
 Dragon Form              Tmut           0%         N/A       100%        7


Dungeon Overview and Level Annotations

Branches:
Dungeon (1/15)

Altars:


Message History

Your Armour skill increases to level 2!
You barely miss the hobgoblin.
The quokka bites you but does no damage.
The hobgoblin hits you.
You barely miss the hobgoblin. The quokka barely misses you.
The hobgoblin closely misses you. The quokka bites you.
The endoplasm barely misses you.
You barely miss the hobgoblin. The hobgoblin closely misses you.
The quokka closely misses you. The endoplasm freezes you.
You are frozen.
The hobgoblin completely misses you.
You are too injured to fight recklessly!
You are too injured to fight recklessly!
You are too injured to fight recklessly!
You are too injured to fight recklessly!
You are too injured to fight recklessly!
You are too injured to fight recklessly!
You are too injured to fight recklessly!
You are too injured to fight recklessly!
You are too injured to fight recklessly!
You are too injured to fight recklessly!
You are too injured to fight recklessly!
You are too injured to fight recklessly!
You are too injured to fight recklessly!
You are too injured to fight recklessly!
The quokka bites you but does no damage.
You hit the endoplasm but do no damage. The endoplasm freezes you.
You are frozen.
* * * LOW HITPOINT WARNING * * *
You hit the endoplasm.
The endoplasm is almost dead.
The endoplasm hits you.
* * * LOW HITPOINT WARNING * * *
The endoplasm barely misses you.
You hit the endoplasm.
You kill the endoplasm!
Lugonu accepts your kill. The hobgoblin hits you.
You die...

######### ######
###........ .....#
#.........#
####.#####...#####.#
#.........###.####.#:#
#.##.###.## ##rg@....#
#.##(....# #.###.#.#
.........## #...# #.#
..........# #.##g#...#
......####...##.r:...#
#.##..####.....†.....#
......>..#..###.....##
#.#...###... ...#..#
......# #.. ....#....


You could see a quokka and a hobgoblin.

Vanquished Creatures
  4 endoplasms (D:1)
  A giant cockroach (D:1)
  A quokka (D:1)
  A rat (D:1)
7 creatures vanquished.

Notes
Turn   | Place    | Note
-------+----------+-------------------------------------------
     0 | Abyss:1  | Borgoz the Demonspawn Abyssal Knight began the quest for
                  | the Orb.
     0 | Abyss:1  | Reached XP level 1. HP: 18/18 MP: 2/2
    75 | Abyss:2  | Noticed a large abomination
    83 | D:1      | Escaped the Abyss
   140 | D:1      | Reached skill level 1 in Dodging
   483 | D:1      | Slain by a hobgoblin

Illustrated notes

Levels and vault maps discovered:
D:1:      lightli_molten_gateway, layout_loops_ring, minmay_hedge_maze,
          grunt_decor_cap, minmay_misc_feat_square

Skill      XL: |  1 |
---------------+----+-----
Dodging        | 1 |  1.2
Long Blades    | 2 |  2.0
Armour         | 2 |  2.0
Fighting       | |  3.0
Invocations    | |  2.5

Action                   || total
-------------------------++-------
Melee: Scimitar          ||    25
Invok: Depart the Abyss  ||     1
Armor: Leather armour    ||     7
Dodge: Dodged            ||    22
       Rpst.: Scimitar   ||     6
